AoeStats
← GoldPhantom

MegaRandom

508010058Analyzed
3v3 RM · 13d ago on Sep 20, 2026· 26m 38s· 6 players
Game mode
Random Map
Map size
Normal (6 player)
Population
200
Speed
Normal
Resources
Standard
Victory
Conquest
Starting age
Dark Age
Ending age
Imperial Age
RankedLock teamsTeams togetherTeam positionsShared explorationLock speedFull tech treeHidden civsTurbo modeCheats
Victory
Defeat
🇹🇷 Burgundians · Türkiye
923
+16
🇩🇪 Mongols · Germany
828
+19
🇭🇰 Lithuanians · Hong Kong SAR China
818
+21
🇧🇪 Byzantines · Belgium
921
-19
🇧🇷 Burgundians · Brazil
916
-19
🇨🇷 Britons · Costa Rica
888
-18
EyesOfWar
9:27 Loom
11:57 Feudal Age
17:01 Castle Age
16:09 Double-Bit Axe
16:14 Horse Collar
17:57 Pikeman
18:39 Squires
21:49 Husbandry
mandalvarado
1:26 Loom
12:44 Feudal Age
16:17 Fishing Lines
21:22 Castle Age
19:19 Double-Bit Axe
21:43 Crossbowman
24:03 Gillnets
henrique.villetti
6:06 Loom
7:06 Double-Bit Axe
10:26 Feudal Age
11:59 Bow Saw
12:57 Gold Mining
15:29 Forging
15:29 Horse Collar
17:42 Heavy Plow
19:10 Wheelbarrow
22:02 Castle Age
21:22 Hand Cart
21:06 Fletching
21:18 Padded Archer Armor
22:05 Gold Shaft Mining
24:12 Two-Man Saw
23:31 Bodkin Arrow
24:28 Crop Rotation
Sägewerk
0:28 Loom
12:59 Feudal Age
15:18 Wheelbarrow
18:18 Double-Bit Axe
21:13 Castle Age
19:39 Fishing Lines
22:16 Medium Warships
eerc
11:18 Feudal Age
10:22 Fishing Lines
14:04 Double-Bit Axe
16:52 Castle Age
15:59 Bow Saw
19:53 Fletching
21:22 Wheelbarrow
21:17 Medium Warships
23:22 Two-Man Saw
23:31 Gillnets
26:25 Hand Cart
GoldPhantom
10:10 Feudal Age
10:54 Double-Bit Axe
14:15 Loom
19:02 Castle Age
17:57 Horse Collar
19:24 Bloodlines
22:03 Husbandry
27:09 Heavy Plow
27:22 Bow Saw
Connection lost

Rejoining the realm…

Still unreachable

The connection could not be restored.

Session expired

The server has moved on; the page needs a fresh start.